 Dungeon Crawl Stone Soup version 0.29-a0-878-g7b45a56547 (webtiles) character file.

Game seed: 15597426011749050674

151 Nato the Magician (level 5, -1/31 HPs)
             Began as an Octopode Conjurer on July 20, 2022.
             Splashed by a jelly's acid (11 damage)
             ... on level 5 of the Dungeon.
             The game lasted 00:08:02 (3516 turns).

Nato the Magician (Octopode Conjurer)               Turns: 3516, Time: 00:08:02

Health: -1/31      AC:  1    Str:  6    XL:     5   Next: 33%
Magic:  3/12       EV: 13    Int: 22    God:
Gold:   107        SH:  0    Dex: 17    Spells: 12/13 levels left

rFire   + . .      SeeInvis .   (no weapon)
rCold   . . .      Faith    .   (no shield)
rNeg    . . .      Spirit   .   (helmet restricted)
rPois   .          Reflect  .   (no amulet)
rElec   .          Harm     .   g - +6 ring of dexterity
rCorr   .          Rampage  .   e - ring of protection from fire
Will    .....                   (no ring)
Stlth   +++.......              (no ring)
HPRegen 0.10/turn               (no ring)
MPRegen 0.13/turn               (no ring)
                                (no ring)
                                (no ring)

@: no status effects
A: almost no armour, amphibious, 8 rings, camouflage 1, gelatinous body 1,
(nimble swimmer 1), tentacles
a: no special abilities


You were on level 5 of the Dungeon.
You visited 1 branch of the dungeon, and saw 5 of its levels.

You collected 107 gold pieces.

Inventory:

Jewellery
 e - a ring of protection from fire (right tentacle)
 g - a +6 ring of dexterity (left tentacle)
Scrolls
 b - a scroll of noise
 c - 2 scrolls of identify
 d - a scroll of enchant armour
 h - a scroll of amnesia
Potions
 a - a potion of magic
 i - a potion of attraction {unknown}
 j - 2 potions of berserk rage {unknown}
 k - a potion of might {unknown}
 l - a potion of flight {unknown}


   Skills:
 - Level 2.0 Dodging
 - Level 2.7 Stealth
 + Level 4.9 Spellcasting
 - Level 4.0 Conjurations


You had 12 spell levels left.
You knew the following spells:

 Your Spells              Type           Power      Damage    Failure   Level
a - Magic Dart            Conj           92%        1d7       1%          1

Your spell library contained the following spells:

 Spells                   Type           Power      Damage    Failure   Level
 Searing Ray              Conj           46%        2d6       3%          2
 Dazzling Flash           Conj/Hex       28%        N/A       13%         3
 Fulminant Prism          Conj/Hex       7%         3d7       41%         4
 Iskenderun's Mystic Bla  Conj/Tloc      14%        2d5       41%         4


Dungeon Overview and Level Annotations

Branches:
Dungeon (5/15)
 Temple: D:4-7

Altars:

Annotations:
D:3 Grinder
D:5 Blork the orc, Pikel


Innate Abilities, Weirdness & Mutations

You cannot wear most types of armour.
You are amphibious.
You can wear up to eight rings at the same time.
Your skin changes colour to match your surroundings (Stealth+).
Your rubbery body absorbs attacks. (AC +1, EV +1)
((You are camouflaged when in or above water. (Stealth+)))
You have tentacles for arms and can constrict up to eight enemies at once.


Message History

You can't go up here!
You climb downwards.
Level annotation: Blork the orc, Pikel The jelly quivers.
There is a stone staircase leading up here.
Casting: Magic Dart (safe; 1% risk of failure)
Confirm with . or Enter, or press ? or * to list all spells.
Aiming: Magic Dart (safe; 1% risk of failure)
Press: ? - help, Shift-Dir - straight line, f - jelly
Aim: a jelly (100% to hit)
The magic dart hits the jelly.
The jelly is moderately wounded.
Unknown command.
Casting: Magic Dart (safe; 1% risk of failure)
Confirm with . or Enter, or press ? or * to list all spells.
Aiming: Magic Dart (safe; 1% risk of failure)
Press: ? - help, Shift-Dir - straight line, f/p - jelly
Aim: a jelly (moderately wounded, 100% to hit)
The magic dart hits the jelly.
The jelly is heavily wounded.
The jelly hits you.
You are splashed with acid!
Unknown command.
Casting: Magic Dart (safe; 1% risk of failure)
Confirm with . or Enter, or press ? or * to list all spells.
Aiming: Magic Dart (safe; 1% risk of failure)
Press: ? - help, Shift-Dir - straight line, f/p - jelly
Aim: a jelly (heavily wounded, 100% to hit)
The magic dart hits the jelly.
The jelly is heavily wounded.
The jelly hits you.
You are splashed with acid!
Unknown command.
Casting: Magic Dart (safe; 1% risk of failure)
Confirm with . or Enter, or press ? or * to list all spells.
Aiming: Magic Dart (safe; 1% risk of failure)
Press: ? - help, Shift-Dir - straight line, f/p - jelly
Aim: a jelly (heavily wounded, 100% to hit)
The magic dart hits the jelly.
The jelly is almost dead.
The jelly hits you.
You are splashed with acid!
You die...

##..### ##...##
##...##
#####..###
####........#.
#.............#
##.........#.###
#............#
#...J@.........
#............###
#............#
#...........##
#...........#
#...........$#
#...........##
#.........#.#


You could see a jelly.

Vanquished Creatures
  A hound (D:4)
  An iguana (D:4)
  3 adders (D:2)
  2 worms (D:2)
  2 orcs (D:4)
  7 ball pythons
  3 bats
  6 endoplasms
  2 giant cockroaches (D:1)
  6 goblins
  5 hobgoblins
  6 jackals
  10 kobolds
  5 rats
59 creatures vanquished.

Vanquished Creatures (others)
  42 plants (D:1)
  4 toadstools (D:1)
46 creatures vanquished.

Grand Total: 105 creatures vanquished

Notes
Turn   | Place    | Note
-------+----------+-------------------------------------------
     0 | D:1      | Nato the Octopode Conjurer began the quest for the Orb.
     0 | D:1      | Reached XP level 1. HP: 11/11 MP: 3/3
     4 | D:1      | Found a faded altar of an unknown god.
   249 | D:1      | Reached XP level 2. HP: 5/17 MP: 0/5
   998 | D:1      | Reached XP level 3. HP: 21/21 MP: 1/7
  1775 | D:2      | Reached XP level 4. HP: 27/27 MP: 5/9
  2802 | D:3      | Noticed Grinder
  3103 | D:5      | Entered Level 5 of the Dungeon
  3106 | D:5      | Noticed Pikel
  3106 | D:5      | Noticed a lemure
  3107 | D:5      | Noticed a lemure
  3128 | D:5      | Noticed Blork the orc
  3331 | D:4      | Reached XP level 5. HP: 31/31 MP: 4/12
  3501 | D:4      | Noticed a phantom
  3516 | D:5      | Splashed by a jelly's acid

Illustrated notes

Levels and vault maps discovered:
D:1:      ldierk_walled_garden_2, layout_basic, serial_bayou,
          serial_bayou_pond_c, serial_bayou_pond_d, serial_bayou_shore_b,
          serial_bayou_pond_b, serial_bayou_lake_a,
          hellmonk_ecumenical_altar_blasted, corexii_hall_statues_l
D:2:      layout_basic, minmay_unequal
D:3:      layout_basic, lemuel_crystal_altar, nicolae_overflow_crystal_walls,
          uniq_grinder
D:4:      layout_cave_pools, uniq_duvessa, uniq_ijyb
D:5:      layout_cave_pods, gammafunk_ghost_icy, uniq_eustachio, uniq_sigmund,
          uniq_pikel, uniq_blork_the_orc

Skill      XL: |  1  2  3  4 |
---------------+-------------+-----
Spellcasting   | 3 4 |  4.9
Dodging        | |  2.0
Stealth        | |  2.7
Conjurations   | |  4.0

Action                   |  1- 3 |  4- 6 || total
-------------------------+-------+-------++-------
Melee: Unarmed           |    13 |       ||    13
       Constrict         |     7 |       ||     7
       Punch             |     1 |       ||     1
       Tentacles         |     3 |       ||     3
Throw: Javelin           |     1 |     3 ||     4
 Cast: Magic Dart        |    79 |    60 ||   139
  Use: Scroll            |       |     5 ||     5
Armor: Skin              |     1 |       ||     1
Dodge: Dodged            |    14 |     5 ||    19

Table legend: (Time is in decaauts)
 A = Elapsed time spent in this place.
 B = Non-inter-level travel time spent in this place.
 C = Inter-level travel time spent in this place.
 D = Time resting spent in this place.
 E = Time spent auto-exploring this place.
 F = Levels seen in this place.
 G = Mean time per level.
                   A        B        C        D        E       F      G
               +--------+--------+--------+--------+--------+-----+--------+
         Total |   3516 |   3448 |     68 |    753 |   2217 |   5 |  703.2 |
       Dungeon |   3516 |   3448 |     68 |    753 |   2217 |   5 |  703.2 |
               +--------+--------+--------+--------+--------+-----+--------+

Top non-repeatable levels by time:
     D:1: 1428 daAuts
     D:2: 1337 daAuts
     D:4: 641 daAuts
     D:3: 57 daAuts
     D:5: 52 daAuts
